 Dungeon Crawl Stone Soup version bcrawl-1.19.1 (webtiles) character file.

Game seed: 7639959643857944176

4006 Freyura the Fighter (level 10, -12/100 HPs)
             Began as a Hill Orc Fighter on Nov 29, 2019.
             Was a Priest of Beogh.
             Mangled by Harold
             ... wielding a +0 trident of venom
              (15 damage)
             ... on level 8 of the Dungeon.
             The game lasted 00:20:40 (7439 turns).

Freyura the Fighter (Hill Orc Fighter)              Turns: 7439, Time: 00:20:40

Health: -12/100    AC: 11    Str: 22    XL:     10   Next: 23%
Magic:  13/13      EV: 10    Int:  8    God:    Beogh [***...]
Gold:   519        SH:  0    Dex: 13    Spells: 9/9 levels left

rFire    + . .     SeeInvis .   a - +1 flail
rCold    . . .     Gourm    .   c - +0 shield
rNeg     . . .     Faith    .   b - +0 scale mail
rPois    .         Spirit   .   E - +0 helmet
rElec    .         Reflect  +   (no cloak)
rCorr    .         Harm     .   i - +1 pair of gloves
MR       +....                  (no boots)
Stlth    ..........             t - +3 amulet of reflection
HPRegen  0.26/turn              z - ring of protection from fire
MPRegen  0.13/turn              o - +2 ring of strength

@: confused, lethally poisoned (-12 -> -41)
A: large bone plates 1, magic resistance 1, robust 1
a: Smiting, Renounce Religion


You were on level 8 of the Dungeon.
You worshipped Beogh.
Beogh was most pleased with you.
You were not hungry.

You visited 1 branch of the dungeon, and saw 8 of its levels.

You collected 519 gold pieces.

Inventory:

Hand Weapons
 a - a +1 flail (weapon)
 w - a +2 whip of venom
Missiles
 g - a throwing net (quivered) {!f}
Armour
 b - a +0 scale mail (worn)
 c - a +0 shield (worn)
 i - a +1 pair of gloves (worn)
 E - a +0 helmet (worn)
Jewellery
 l - an uncursed ring of fire
 o - a +2 ring of strength (right hand)
 t - a +3 amulet of reflection (around neck)
 z - a ring of protection from fire (left hand)
 A - an uncursed amulet of guardian spirit
Wands
 r - a wand of flame (10)
Scrolls
 e - a scroll of amnesia
 m - 5 scrolls of remove curse
 p - a scroll of teleportation
 u - 2 scrolls of immolation
 y - 3 scrolls of identify
Potions
 d - a potion of brilliance
 h - a potion of invisibility
 j - a potion of ambrosia
 k - a potion of magic
 n - 2 potions of mutation
 x - 2 potions of curing
 B - 2 potions of flight
Comestibles
 f - 19 rations {!d}
 s - 4 chunks of flesh


   Skills:
 * Level 9.2 Fighting
   Level 9.2 Short Blades
   Level 9.2 Long Blades
   Level 9.2 Axes
   Level 9.2 Maces & Flails
   Level 9.2 Polearms
   Level 9.2 Staves
 + Level 8.1 Armour
 + Level 2.7 Dodging
 + Level 8.1 Shields
   Level 9.2 Unarmed Combat
 + Level 4.3 Invocations


You had 9 spell levels left.
You didn't know any spells.
Your spell library contained the following spells:

 Spells                   Type           Power        Failure   Level  Hunger
 Flame Tongue             Conj/Fire      #....        94%         1    ##.....
 Magic Dart               Conj           #...         94%         1    ##.....
 Blink                    Tloc           N/A          98%         2    ###....
 Call Imp                 Summ           #.....       98%         2    ###....
 Flaming Arrows           Chrm/Fire      #.......     98%         2    ###....
 Conjure Flame            Conj/Fire      #.......     100%        3    ####...
 Inner Flame              Hex/Fire       N/A          100%        3    ####...
 Mephitic Cloud           Conj/Pois/Air  #.......     100%        3    ####...
 Spider Form              Tmut/Pois      #..          100%        3    ####...
 Sticky Flame             Conj/Fire      #.......     100%        4    #####..
 Fireball                 Conj/Fire      #.........   100%        5    ######.


Dungeon Overview and Level Annotations

Branches:
Dungeon (8/12)             Temple (0/1) D:6
   Lair: D:7-9          Orc: D:8-11

Altars:
Ashenzari
Trog
Xom
Yredelemnul
The Shining One

Annotations:
D:6 1 runed translucent door, lis82's ghost, novice DgFi
D:8 Harold


Innate Abilities, Weirdness & Mutations

You are partially covered in large bone plates. (SH +4)
You are resistant to hostile enchantments. (MR+)
You are robust. (+10% HP)


Message History

* * * LOW HITPOINT WARNING * * *
You feel very sick.
You sock Harold!
Harold is moderately wounded.
* * * LOW HITPOINT WARNING * * *
You feel very sick. Harold gestures at you while chanting.
The bolt of fire hits you! You resist.
* * * LOW HITPOINT WARNING * * *
You hit Harold but do no damage.
Harold is moderately wounded.
* * * LOW HITPOINT WARNING * * *
You feel very sick. You block Harold's attack.
You are confused.
You feel invigorated.
* * * LOW HITPOINT WARNING * * *
You feel very sick.
Harold hits you with a +0 trident of venom!
You die...

##. ..## ...#
..# ..## #..
##@### ##.@.$#
#.....# #.....#
####.....###.##
....%^..<......#
######.....##...
#........
......##..#
#......# #.#


You could see Harold.

Vanquished Creatures
  A troll (D:7)
  A hippogriff (D:7)
  A wraith (D:7)
  6 yaks (D:5)
  A hungry ghost (D:7)
  Menkaure (D:7)
  An ice beast (D:6)
  A sky beast (D:6)
  An ogre (D:7)
  2 centaurs (D:7)
  2 big kobolds
  Blork the orc (D:5)
  2 scorpions
  4 crimson imps
  A quasit (D:7)
  2 bullfrog zombies
  3 orc priests
  4 hounds
  A centaur skeleton (D:7)
  3 jellies
  Jessica (D:3)
  2 iguanas (D:4)
  8 orc wizards
  8 worker ants
  Natasha (thrice) (D:3 D:5)
  A hound skeleton (D:5)
  A howler monkey zombie (D:6)
  3 gnolls (D:5)
  8 adders
  3 shadow imps
  2 oozes
  2 adder skeletons
  7 worms
  A dart slug (D:2)
  3 leopard geckos
  26 orcs
  3 giant cockroaches
  12 hobgoblins
  11 jackals
  19 kobolds
  4 quokkas
  9 bats
  A frilled lizard (D:1)
  15 goblins
  4 rats
196 creatures vanquished.

Vanquished Creatures (collateral kills)
  A wyvern (D:7)
  An orc warrior (D:7)
  A necrophage (D:7)
  A worker ant (D:7)
  3 kobolds (D:7)
7 creatures vanquished.

Vanquished Creatures (others)
  2 orc warriors (D:7)
  A centaur (D:7)
  An orc priest (D:3)
  Terence (D:3)
  An orc (D:3)
  2 bats (D:3)
  A giant cockroach (D:3)
  A goblin (D:3)
10 creatures vanquished.

Grand Total: 213 creatures vanquished

Notes
Turn   | Place    | Note
-------+----------+-------------------------------------------
     0 | D:1      | Freyura the Hill Orc Fighter began the quest for the Orb.
     0 | D:1      | Reached XP level 1. HP: 20/20 MP: 1/1
   140 | D:1      | Reached XP level 2. HP: 26/27 MP: 2/2
   454 | D:1      | Reached XP level 3. HP: 34/34 MP: 3/3
   966 | D:2      | Reached XP level 4. HP: 39/41 MP: 4/4
  1808 | D:3      | Became a worshipper of Beogh the Brigand
  1830 | D:3      | Noticed Jessica
  1836 | D:3      | Killed Jessica
  1836 | D:3      | Reached skill level 5 in Fighting
  1836 | D:3      | Reached XP level 5. HP: 37/48 MP: 5/5
  1851 | D:3      | Killed Terence
  2596 | D:3      | Noticed Natasha
  2603 | D:3      | Killed Natasha
  2603 | D:3      | Reached XP level 6. HP: 54/56 MP: 6/6
  2809 | D:3      | Gained mutation: You are robust. (+10% HP) [potion of
                  | mutation]
  2809 | D:3      | Gained mutation: You are partially covered in large bone
                  | plates. (SH +4) [potion of mutation]
  2809 | D:3      | Gained mutation: You are resistant to hostile enchantments.
                  | (MR+) [potion of mutation]
  2901 | D:4      | Reached * piety under Beogh
  3017 | D:4      | Reached skill level 5 in Armour
  3017 | D:4      | Reached skill level 5 in Shields
  3026 | D:4      | Reached XP level 7. HP: 37/68 MP: 7/7
  3195 | D:4      | Reached skill level 6 in Fighting
  3999 | D:5      | Entered Level 5 of the Dungeon
  4055 | D:5      | Noticed a yak
  4055 | D:5      | Noticed a yak
  4057 | D:5      | Noticed a yak
  4057 | D:5      | Noticed a yak
  4058 | D:5      | Noticed a yak
  4058 | D:5      | Noticed a yak
  4061 | D:5      | Killed a yak
  4061 | D:5      | Reached XP level 8. HP: 78/78 MP: 8/8
  4067 | D:5      | Killed a yak
  4067 | D:5      | Reached ** piety under Beogh
  4067 | D:5      | Reached skill level 7 in Fighting
  4071 | D:5      | Killed a yak
  4077 | D:5      | Killed a yak
  4082 | D:5      | Killed a yak
  4086 | D:5      | Killed a yak
  4088 | D:5      | Reached XP level 9. HP: 56/89 MP: 9/9
  4235 | D:5      | Noticed Blork the orc
  4245 | D:5      | Killed Blork the orc
  4245 | D:5      | Reached skill level 8 in Fighting
  4741 | D:5      | Noticed Natasha
  4750 | D:5      | Killed Natasha
  5005 | D:5      | Noticed Natasha
  5013 | D:5      | Killed Natasha
  5013 | D:5      | Reached skill level 1 in Invocations
  5242 | D:6      | Reached *** piety under Beogh
  5386 | D:6      | Reached skill level 1 in Dodging
  5397 | D:6      | Found a staircase to the Ecumenical Temple.
  5461 | D:6      | Found a runed translucent door.
  5464 | D:6      | Found a shimmering altar of Xom.
  5464 | D:6      | Noticed lis82's ghost (novice DgFi)
  5466 | D:6      | Noticed a +0 mace of chaos
  5884 | D:7      | Noticed Menkaure
  5898 | D:7      | Killed Menkaure
  6593 | D:7      | Noticed a troll
  6615 | D:7      | Reached XP level 10. HP: 85/99 MP: 12/12
  6628 | D:7      | Reached skill level 9 in Fighting
  7135 | D:7      | Found a shimmering altar of Xom.
  7137 | D:7      | Found a glowing golden altar of the Shining One.
  7137 | D:7      | Found a glowing silver altar of Zin.
  7139 | D:7      | Found a shattered altar of Ashenzari.
  7139 | D:7      | Found a bloodstained altar of Trog.
  7139 | D:7      | Found a basalt altar of Yredelemnul.
  7420 | D:8      | Noticed Harold
  7438 | D:8      | HP: 3/100 [poisoned by Harold]
  7439 | D:8      | Mangled by Harold

Skill      XL: |  1  2  3  4  5  6  7  8  9 10 |
---------------+-------------------------------+-----
Shields        | 4 5 6 7 8 |  8.1
Armour         | 4 5 6 7 8 |  8.1
Fighting       | 5 6 7 8 9 |  9.2
Invocations    | 3 4 |  4.3
Dodging        | 2 |  2.7
Short Blades   | |  9.2
Long Blades    | |  9.2
Axes           | |  9.2
Maces & Flails | |  9.2
Polearms       | |  9.2
Staves         | |  9.2
Unarmed Combat | |  9.2

Action                   |  1- 3 |  4- 6 |  7- 9 | 10-12 || total
-------------------------+-------+-------+-------+-------++-------
Melee: Flail             |   124 |   250 |   451 |    74 ||   899
Invok: Convert to Beogh  |       |     1 |       |       ||     1
  Use: Scroll            |       |     3 |    11 |     1 ||    15
       Potion            |       |     2 |     2 |     1 ||     5
  Eat: Chunk             |       |     7 |    10 |     1 ||    18
       Ration            |       |       |     1 |     1 ||     2
Armor: Scale mail        |    62 |   205 |    95 |    20 ||   382
Dodge: Dodged            |    42 |   106 |    68 |    19 ||   235
Block: Shield            |    63 |   163 |   362 |    73 ||   661
       Reflection        |       |       |    13 |       ||    13
